 Dungeon Crawl Stone Soup version 0.31-a0-664-g902f515a81 (webtiles) character file.

Game seed: 5996516132250148269

727442 arthad the Shatterer (level 27, -9/282 HPs)
             Began as an Armataur Fighter on Sept 2, 2023.
             Was a High Priest of Okawaru.
             Killed from afar by a demonspawn blood saint (18 damage)
             ... with a fireball
             ... in Pandemonium on Sept 3, 2023.
             The game lasted 03:21:29 (63291 turns).

arthad the Shatterer (Armataur Fighter)            Turns: 63291, Time: 03:21:30

Health: -9/282     AC: 60    Str: 35      XL:     27
Magic:  19/37      EV:  7    Int: 10      God:    Okawaru [*****.]
Gold:   7663       SH: 25    Dex: 14 (15) Spells: 26/26 levels left

rFire   + + .        C - +9 eveningstar (heavy)
rCold   + + .        z - +5 kite shield {reflect}
rNeg    + . .        J - +12 gold dragon scales
rPois   +            q - +0 mask of the Dragon {Will+ Slay+3 SInv}
rElec   +            e - +1 cloak of the Disturbing Wars {rC- Str+7 Dex+3 Stlth+}
rCorr   +            r - +2 pair of gloves {Str+3}
SInv    +            N - +6 lightning scales {swift, rElec}
Will    ++++.        A - amulet of Vehumet's Whim {rF+ rN+ Regen+} Stlth
                     i - ring "Rafov" {Fly rCorr AC+4 Str-2 Dex+2}
HPRegen 1.47/turn    R - ring of Vuim {rC++ MP+9 Str-5}
MPRegen 0.25/turn

%: reflection, roll
@: spiked, flying, studying 4 skills, quick
A: large, rugged brown scales 3, deformed body, armoured tail, roll, long
tongue, awkward tongue, large bone plates 1, see invisible, clumsy 1,
deterioration 1, low MP 2, strong-willed 1
}: 7/15 runes: decaying, serpentine, slimy, silver, abyssal, demonic, fiery
a: Renounce Religion, Heroism, Finesse, Duel


You were in Pandemonium.
You worshipped Okawaru.
Okawaru was extremely pleased with you.
You visited 11 branches of the dungeon, and saw 49 of its levels.
You visited Pandemonium 2 times, and saw 9 of its levels.
You visited the Abyss 2 times.
You also visited: Trove, Ossuary, Bailey, Gauntlet, Ice Cave, Volcano and Desolation.

You collected 10092 gold pieces.
You spent 2429 gold pieces at shops.

Inventory:

Hand Weapons
 b - a +9 sacred scourge of holy wrath
 l - the +6 sword of Cerebov {flame}
   (You took it off Cerebov in Pandemonium)
 C - a +9 heavy eveningstar (weapon)
Missiles
 f - 11 javelins
 s - 26 poisoned darts (quivered)
 y - 11 curare-tipped darts
 E - 6 throwing nets
 M - 12 atropa-tipped darts
 T - 17 silver javelins
Armour
 e - the +1 cloak of the Disturbing Wars (worn) {rC- Str+7 Dex+3 Stlth+}
   (Okawaru gifted it to you on level 2 of the Snake Pit)

   Str+7:     It affects your strength (+7).
   Dex+3:     It affects your dexterity (+3).
   rC-:       It makes you vulnerable to cold.
   Stlth+:    It makes you more stealthy.
 q - the +0 mask of the Dragon (worn) {Will+ Slay+3 SInv}
   (You found it in the Desolation of Salt)

   Slay+3:    It affects your accuracy & damage with ranged weapons and melee
   (+3).
   Will+:     It increases your willpower.
   SInv:      It lets you see invisible.
 r - a +2 pair of gloves of strength (worn)
 x - the +5 moon troll leather armour {Spirit, Regen++ MP+5}
   (You found it in a Gauntlet)

   MP+5:      It affects your magic capacity (+5).
   Regen++:   It increases your rate of health regeneration.
 z - a +5 kite shield of reflection (worn)
 J - +12 gold dragon scales (worn)
 N - the +6 lightning scales (worn) {swift, rElec}
   (Okawaru gifted it to you on level 11 of the Dungeon)

   Swift:     It allows the wearer to cover ground more swiftly.
   rElec:     It insulates you from electricity.
 S - a +0 tower shield of reflection
Jewellery
 a - the ring of Gaegut {MP+9 Str+2 Int+6 Slay+3}
   (You found it in a treasure trove)

   [ring of intelligence]

   Str+2:     It affects your strength (+2).
   Int+6:     It affects your intelligence (+6).
   Slay+3:    It affects your accuracy & damage with ranged weapons and melee
   (+3).
   MP+9:      It affects your magic capacity (+9).
 c - the ring of Scepticism {rPois rF+}
   (You found it in Pandemonium)

   [ring of poison resistance]

   rF+:       It protects you from fire.
   rPois:     It protects you from poison
 h - the ring "Leagar" {rElec rPois AC+4 Int+2 Dex+2}
   (You found it in a treasure trove)

   [ring of protection]

   AC+4:      It affects your AC (+4).
   Int+2:     It affects your intelligence (+2).
   Dex+2:     It affects your dexterity (+2).
   rElec:     It insulates you from electricity.
   rPois:     It protects you from poison
 i - the ring "Rafov" (left hand) {Fly rCorr AC+4 Str-2 Dex+2}
   (You took it off a deep elf pyromancer on level 3 of the Elven Halls)

   [ring of protection]

   AC+4:      It affects your AC (+4).
   Str-2:     It affects your strength (-2).
   Dex+2:     It affects your dexterity (+2).
   Fly:       It grants you flight.
   rCorr:     It protects you from acid and corrosion.
 A - the amulet of Vehumet's Whim (around neck) {rF+ rN+ Regen+}
   (You found it in Pandemonium)

   [amulet of regeneration]

   rF+:       It protects you from fire.
   rN+:       It protects you from negative energy.
   Regen+:    It increases your rate of health regeneration.
 B - the ring "Caakh" {Wiz rPois rN++ Will+ Int+2}
   (You took it off an angel in Pandemonium)

   [ring of wizardry]

   Wiz:       It improves your spell success rate.
   Int+2:     It affects your intelligence (+2).
   rPois:     It protects you from poison rN++: It greatly protects you from
   negative energy.
   Will+:     It increases your willpower.
 H - the ring of Cunnileb {+Blink rElec rPois Str+6}
   (You found it in Pandemonium)

   [ring of strength]

   Str+6:     It affects your strength (+6).
   rElec:     It insulates you from electricity.
   rPois:     It protects you from poison +Blink: It lets you blink.
 I - a ring of protection from fire
 R - the ring of Vuim (right hand) {rC++ MP+9 Str-5}
   (You found it on level 3 of the Vaults)

   [ring of magical power]

   Str-5:     It affects your strength (-5).
   rC++:      It greatly protects you from cold.
   MP+9:      It affects your magic capacity (+9).
Wands
 m - a wand of light (28)
 p - a wand of mindburst (19)
 U - a wand of digging (10)
 W - a wand of flame (142)
 Z - a wand of iceblast (83)
Scrolls
 j - 2 scrolls of silence
 u - 7 scrolls of blinking
 w - 20 scrolls of teleportation
 F - 5 scrolls of revelation
 O - 15 scrolls of poison
 Q - 11 scrolls of immolation
 X - 11 scrolls of fog
 Y - 15 scrolls of fear
Potions
 d - 5 potions of might
 g - 4 potions of curing
 k - 6 potions of resistance
 n - 2 potions of mutation
 t - 7 potions of enlightenment
 v - 7 potions of magic
 K - 12 potions of haste
 L - 3 potions of invisibility
 P - 7 potions of cancellation
 V - a potion of heal wounds
Miscellaneous
 o - a lightning rod (4/4)
 D - a condenser vane
 G - a phial of floods


   Skills:
 * Level 24.5 Fighting
 * Level 25.4 Maces & Flails
 + Level 9.7 Throwing
 * Level 24.8 Armour
 + Level 9.0 Dodging
 * Level 23.0 Shields
 + Level 17.7 Invocations
 + Level 8.4 Evocations


You had 26 spell levels left.
You didn't know any spells.
Your spell library contained the following spells:

 Spells                   Type           Power      Damage    Failure   Level
 Apportation              Tloc           0%         N/A       90%         1
 Kiss of Death            Conj/Necr      0%         2d5       90%         1
 Necrotise                Necr           0%         1d4       90%         1
 Shock                    Conj/Air       0%         1d3       90%         1
 Sting                    Tmut/Pois      0%         1d3       90%         1
 Blink                    Tloc           0%         N/A       97%         2
 Cigotuvi's Dreadful Rot  Necr/Pois/Air  0%         N/A       97%         2
 Ensorcelled Hibernation  Hex/Ice        0%         N/A       97%         2
 Lesser Beckoning         Tloc           0%         N/A       97%         2
 Momentum Strike          Conj/Tloc      0%         3d8       97%         2
 Passwall                 Tmut/Erth      0%         N/A       97%         2
 Poisonous Vapours        Pois/Air       0%         N/A       97%         2
 Scorch                   Fire           0%         2d5       97%         2
 Searing Ray              Conj           0%         2d4       97%         2
 Static Discharge         Conj/Air       0%         2-2/arc   97%         2
 Sublimation of Blood     Necr           0%         N/A       97%         2
 Wereblood                Tmut           0%         N/A       97%         2
 Confusing Touch          Hex            0%         N/A       99%         3
 Dazzling Flash           Conj/Hex       0%         N/A       99%         3
 Frozen Ramparts          Ice            0%         1d1       99%         3
 Gell's Gravitas          Tloc           0%         N/A       99%         3
 Hailstorm                Conj/Ice       0%         3d3       99%         3
 Ignite Poison            Fire/Tmut/Pois 0%         N/A       99%         3
 Inner Flame              Hex/Fire       0%         N/A       99%         3
 Ozocubu's Armour         Ice            0%         N/A       99%         3
 Portal Projectile        Hex/Tloc       0%         N/A       99%         3
 Stone Arrow              Conj/Erth      0%         3d7       99%         3
 Swiftness                Air            0%         N/A       99%         3
 Teleport Other           Tloc           0%         N/A       99%         3
 Volatile Blastmotes      Fire/Tloc      0%         2d10      99%         3
 Airstrike                Air            0%         2d(0-16)  100%        4
 Anguish                  Hex/Necr       0%         N/A       100%        4
 Cause Fear               Hex            0%         N/A       100%        4
 Dispel Undead            Necr           0%         3d6       100%        4
 Flame Wave               Conj/Fire      0%         2d4       100%        4
 Fulminant Prism          Conj/Hex       0%         3d5       100%        4
 Iskenderun's Mystic Bla  Conj/Tloc      0%         2d3       100%        4
 Leda's Liquefaction      Hex/Erth       0%         N/A       100%        4
 Manifold Assault         Tloc           0%         N/A       100%        4
 Passage of Golubria      Tloc           0%         N/A       100%        4
 Petrify                  Tmut/Erth      0%         N/A       100%        4
 Sticky Flame             Conj/Fire      0%         2d3       100%        4
 Vhi's Electric Charge    Tloc/Air       0%         N/A       100%        4
 Agony                    Necr           0%         N/A       100%        5
 Alistair's Intoxication  Tmut/Pois      0%         N/A       100%        5
 Arcjolt                  Conj/Air       0%         1d10      100%        5
 Borgnjor's Vile Clutch   Necr/Erth      0%         N/A       100%        5
 Fireball                 Conj/Fire      0%         3d3       100%        5
 Irradiate                Conj/Tmut      0%         3d11      100%        5
 Lee's Rapid Deconstruct  Erth           0%         3d4*      100%        5
 Metabolic Englaciation   Hex/Ice        0%         N/A       100%        5
 Silence                  Hex/Air        0%         N/A       100%        5
 Yara's Violent Unravell  Hex/Tmut       0%         3d3       100%        5
 Dispersal                Tloc           0%         N/A       100%        6
 Eringya's Noxious Bog    Tmut/Pois      0%         4d6       100%        6
 Leda's Unmaking          Conj/Erth      0%         9d1       100%        6
 Plasma Beam              Fire/Air       0%         2x1d10    100%        6
 Starburst                Conj/Fire      0%         6d3       100%        6
 Enfeeble                 Hex            0%         N/A       100%        7
 Orb of Destruction       Conj           0%         9d5       100%        7
 Ozocubu's Refrigeration  Ice            0%         4d7       100%        7
 Disjunction              Tloc           0%         N/A       100%        8
 Ignition                 Fire           0%         3d3       100%        8
 Lehudib's Crystal Spear  Conj/Erth      0%         10d2      100%        8
 Maxwell's Capacitive Co  Air            0%         ∞         100%        8
 Chain Lightning          Conj/Air       0%         N/A       100%        9
 Fire Storm               Conj/Fire      0%         5d1       100%        9
 Polar Vortex             Ice            0%         N/A       100%        9
 Shatter                  Erth           0%         3d5*      100%        9
 Summon Small Mammal      Summ           Unusable   N/A       N/A         1
 Call Imp                 Summ           Unusable   N/A       N/A         2
 Call Canine Familiar     Summ           Unusable   N/A       N/A         3
 Summon Guardian Golem    Hex/Summ       Unusable   N/A       N/A         3
 Tukima's Dance           Hex            Unusable   N/A       N/A         3
 Animate Armour           Summ/Erth      Unusable   N/A       N/A         4
 Animate Dead             Necr           Unusable   N/A       N/A         4
 Summon Ice Beast         Ice/Summ       Unusable   N/A       N/A         4
 Summon Lightning Spire   Summ/Air       Unusable   N/A       N/A         4
 Summon Forest            Summ/Tloc      Unusable   N/A       N/A         5
 Death Channel            Necr           Unusable   N/A       N/A         6
 Simulacrum               Ice/Necr       Unusable   N/A       N/A         6
 Summon Cactus Giant      Summ           Unusable   N/A       N/A         6
 Haunt                    Necr/Summ      Unusable   N/A       N/A         7
 Malign Gateway           Summ/Tloc      Unusable   N/A       N/A         7
 Spellforged Servitor     Conj/Summ      Unusable   N/A       N/A         7
 Infestation              Necr           Unusable   N/A       N/A         8

Dungeon Overview and Level Annotations

Branches:
Dungeon (15/15)            Temple (1/1) D:6            Lair (5/5) D:8
  Swamp (4/4) Lair:3        Snake (4/4) Lair:3        Slime (5/5) Lair:4
    Orc (2/2) D:9             Elf (3/3) Orc:2        Vaults (5/5) D:14
  Crypt (0/3) Vaults:3     Depths (4/4) D:15           Hell (visited)
    Dis (0/7) Hell            Geh (0/7) Hell            Coc (0/7) Hell
    Tar (0/7) Hell            Zot (0/5) Depths:4    Ossuary (visited)
 Bailey (visited)           IceCv (visited)         Volcano (visited)
Desolation (visited)      Gauntlet (visited)

Altars:
Ashenzari
Cheibriados
Dithmenos
Elyvilon
Fedhas
Gozag
Hepliaklqana
Kikubaaqudgha
Makhleb
Nemelex Xobeh
Okawaru
Qazlal
Ru
Sif Muna
Trog
Uskayaw
Vehumet
Wu Jian
Xom
Yredelemnul
Zin
The Shining One
Jiyva

Shops:
D:5 *   D:11 [=:*=   Orc:2 ??((   Elf:2 :   Snake:3 :=:   Vaults:1 *
Vaults:2 (   Vaults:3 (   Vaults:4 ?   Depths:1 :[*?[=   Depths:2 (=([

Portals:
Hell: Depths:1 Depths:2 Depths:3 Depths:4
Abyss: Depths:1 Depths:2 Depths:3
Pandemonium: Depths:2
Ziggurat: Depths:4


Innate Abilities, Weirdness & Mutations

You are completely covered in rugged brown scales. (AC +3, +7% HP)
Armour fits poorly on your strangely shaped body.
You have a long armoured tail.
You roll when moving toward enemies. (Rampage)
Your long tongue fully drains potion bottles. (2x potion effects)
Your tongue gives you trouble enunciating. (1.5x scroll delay)
You are partially covered in large bone plates. (SH +4)
You have supernaturally acute eyesight. (SInv)
You are clumsy. (Dex -2)
Your body sometimes deteriorates upon taking damage.
Your magical capacity is very low. (-20% MP)
You are strong-willed. (Will+)


Message History

You tail-slap the Brimstone Fiend!
The Brimstone Fiend is almost dead.
You block the demonic crawler's attack. x2; The demonic crawler hits you!
* * * LOW HITPOINT WARNING * * *
You block the red devil's attack.
The ynoxinul gestures.
The demonic crawler hits you but does no damage. x3
The Brimstone Fiend calls on the powers of darkness!
Your body is wracked with pain!
* * * LOW HITPOINT WARNING * * *
The deep elf demonologist convulses!
The demonspawn blood saint is engulfed in freezing vapours.
You block the demonspawn blood saint's attack.
The reaper hits you but does no damage.
The lorocyproca hits you but does no damage.
The reaper hits you from afar with a +0 scythe of flaming!!
* * * LOW HITPOINT WARNING * * *
The reaper burns you.
* * * LOW HITPOINT WARNING * * *
The reaper hits you but does no damage.
A demonspawn blood saint comes into view.
It is wielding a +0 dagger.
You stick the Brimstone Fiend like a pincushion!!!!
You kill the Brimstone Fiend!
Okawaru accepts your kill.
Your surroundings suddenly seem different.
The demonspawn blood saint moves out of view.
You start resting.
The sentinel's mark upon you fades away.
Okay, then.
You start resting.
A demonic crawler is nearby!
You are too injured to fight recklessly!
You beat the demonic crawler like a drum!!!
You kill the demonic crawler!
Okawaru accepts your kill.
The demonspawn blood saint conjures a destructive force in the name of Makhleb!
The mass of ice explodes!
The iceblast engulfs you!! You partially resist.
* * * LOW HITPOINT WARNING * * *
The fireball explodes!
The fireball engulfs you!! You resist.
You die...

#..# #.................
#..########.................
#....................###+###
.........########'####.....#
.........#.................#
.........#.................#
.###.....#.................#
# .#
####..#.........62......# .#
.# #..#......@.##'#####'#..#
.#
#..##########........†..###
^#
#..........................
.#
+.....∩....................
.#
#.................4........
##
+..............6(s#####....
# +...............2## #... #
#.........X..2222# ...
#######...........3..3## ..


You could see a demonspawn blood saint and a lorocyproca (invisible).

Vanquished Creatures
  Cerebov (Pan)
  the Royal Jelly (Slime:5)
  A seraph (Pan)
  2 dread liches
  Mennas (Depths:3)
  A juggernaut (Depths:3)
  Sojobo (Vaults:4)
  4 pandemonium lords (Pan)
  Saint Roka (Snake:2)
  Geryon (Arena)
  3 caustic shrikes (Depths:2)
  A profane servitor (Abyss:3)
  Norris (Depths:1)
  2 golden dragons
  4 bone dragons
  2 pearl dragons (Pan)
  5 Tzitzimimeh
  A hellephant (Abyss:3)
  3 Hell Sentinels
  Mlioglotl (Snake:2)
  Rupert (D:14)
  4 Brimstone Fiends (Pan)
  7 tentacled monstrosities
  2 Ice Fiends (Pan)
  2 deep elf blademasters (Elf:3)
  3 liches
  7 titans
  Asterion (Snake:1)
  2 quicksilver dragons (Vaults:5)
  A walking frostbound tome (Depths:4)
  Murray (Hell)
  6 sphinxes
  11 acid blobs
  An ancient champion (Vaults:3)
  9 Executioners
  2 deep elf master archers (Elf:3)
  2 tentacled starspawn (Abyss:4)
  A thorn hunter (Swamp:4)
  The ghost of rjrrt the Executioner, an adept MiBe of Trog (Swamp:4)
  Roxanne (D:14)
  4 storm dragons
  7 tengu reavers
  26 daevas (Pan)
  16 azure jellies
  5 shadow dragons
  13 fire giants
  11 rockslimes
  The ghost of Zikhlim the Peltast, a journeyman MiFi of Cheibriados (Elf:1)
  8 frost giants
  An iron dragon (Depths:3)
  A draconian knight (Depths:4)
  7 nagarajas
  9 deep elf sorcerers
  3 imperial myrmidons (Desolation)
  An emperor scorpion (shapeshifter) (Vaults:5)
  5 demonspawn warmongers (Pan)
  25 balrugs
  15 vault wardens
  4 deep elf elementalists (Elf:3)
  2 spriggan defenders (Depths:3)
  6 cacodemons
  21 ironbound preservers
  A caustic shrike zombie (D:15)
  2 orc warlords
  8 reapers
  34 angels (Pan)
  14 ophanim (Pan)
  A draconian stormcaller (Depths:4)
  10 demonspawn corrupters (Pan)
  8 demonspawn blood saints (Pan)
  9 ironbound thunderhulks
  The ghost of Pixtaico the Unseen, an adept FeNe of Elyvilon (Vaults:1)
  A caustic shrike skeleton (Hell)
  18 very ugly things
  Nessos (Lair:4)
  5 formless jellyfish
  11 quicksilver oozes
  9 stone giants
  A green draconian (Depths:4)
  6 war gargoyles
  4 eleionomae
  27 apis (Pan)
  An elemental wellspring (Hell)
  7 deep elf demonologists
  11 spark wasps
  A halazid warlock (Desolation)
  12 demonspawn black suns (Pan)
  A wendigo (Hell)
  4 dire elephants (Vaults:3)
  11 lorocyprocas
  9 deep elf annihilators (Elf:3)
  6 bunyips
  2 purple draconians (Depths:4)
  A minotaur (Gauntlet)
  5 deep elf death magi
  Snorg (D:11)
  9 ettins
  6 blizzard demons
  3 crystal guardians
  15 yaktaur captains
  5 green deaths (Pan)
  12 great orbs of eyes
  6 jiangshi
  6 fire dragons
  6 ragged hierophants (Desolation)
  4 deep elf high priests (Elf:3)
  2 rakshasas
  A caustic shrike simulacrum (Hell)
  42 vault guards
  5 salamander tyrants
  Harold (D:9)
  9 peacekeepers
  A hell beast (Pan)
  An ogre mage (D:15)
  12 ironbound frosthearts
  6 ice dragons
  6 servants of whispers (Desolation)
  A catoblepas (Lair:4)
  11 centaur warriors
  11 hydras
  The ghost of Xavori the Covert, a journeyman OpCK of Xom (D:13)
  4 ghost crabs
  4 death yaks
  3 spriggan air magi
  10 alligators
  Erica (D:8)
  A death knight (D:13)
  12 anacondas
  4 boulder beetles
  31 dancing weapons
  15 demonic crawlers (Pan)
  16 naga warriors
  3 tengu warriors
  5 two-headed ogres
  A two-headed ogre (shapeshifter) (Vaults:5)
  6 hell hogs
  A death yak (shapeshifter) (Vaults:5)
  4 thrashing horrors
  3 shock serpents
  10 deep troll earth magi
  8 deep troll shamans
  3 vampire magi
  A shock serpent (shapeshifter) (Vaults:5)
  4 orc high priests (Orc:2)
  9 naga sharpshooters
  18 hell knights
  31 soul eaters
  60 sun demons
  7 spriggan berserkers
  18 deep elf knights
  2 wretched stars (Abyss:3)
  3 shadow wraiths (Hell)
  18 spriggans
  A spectral bunyip (Swamp:4)
  Amaemon (D:8)
  A golden dragon zombie (D:15)
  A fire crab (shapeshifter) (D:13)
  20 skeletal warriors
  3 salamander mystics
  11 sixfirhies
  42 deep trolls
  A death drake (Swamp:3)
  5 skysharks
  8 shadow demons
  5 spriggan druids
  6 spectral anacondas (Snake:2)
  13 cherubim (Pan)
  4 sea snakes (Snake:4)
  5 iron trolls
  3 flayed ghosts
  7 naga ritualists
  A glowing orange brain (Vaults:2)
  2 swamp dragons
  3 goliath frogs
  7 bog bodies
  2 spriggan simulacra (Hell)
  5 anaconda zombies (Snake:2)
  10 lindwurms
  27 deep elf pyromancers
  2 spectral hydras (Swamp:4)
  Pikel (D:7)
  13 deep elf archers
  5 mana vipers
  6 harpies
  9 wizards
  6 phantasmal warriors
  A mana viper (shapeshifter) (Depths:4)
  3 alligator zombies (Swamp:4)
  21 ironbound convokers
  10 necromancers
  2 anaconda skeletons (Snake:2)
  7 orc knights
  25 ugly things
  34 deep elf zephyrmancers
  3 wolf spiders
  A manticore (shapeshifter) (Vaults:5)
  7 orc sorcerers
  5 shining eyes
  3 will-o-the-wisps (Swamp:2)
  6 cyclopes
  A manticore (D:13)
  A stone giant skeleton (D:15)
  2 moths of wrath (Swamp:4)
  A moth of wrath (shapeshifter) (Vaults:5)
  16 vault sentinels
  A black mamba (shapeshifter) (D:12)
  12 elephants
  3 guardian serpents
  17 salamanders
  Joseph (D:8)
  3 rust devils
  35 black mambas
  2 eyes of devastation
  19 naga magi
  A gargoyle (D:13)
  24 smoke demons
  10 molten gargoyles
  3 torpor snails
  17 cane toads
  2 unseen horrors
  Jeremiah (D:7)
  Maggie (D:6)
  2 swamp worm zombies (Swamp:4)
  14 orange demons
  10 komodo dragons
  8 tormentors
  A spriggan zombie (D:15)
  2 freezing wraiths (Vaults:5)
  2 hellions
  8 anaconda simulacra
  9 efreet
  23 yaktaurs
  3 rime drakes
  2 ancient zymes (Abyss:3)
  2 redback zombies (D:15)
  2 tengu conjurers (D:14)
  2 hydra zombies (Swamp:4)
  2 golden dragon simulacra (IceCv)
  3 polar bears
  A guardian mummy (D:15)
  The ghost of justen the Chopper, an amateur HOBe of Trog (D:4)
  3 red devils (Pan)
  6 trolls
  A bloated husk (Swamp:4)
  3 meliai
  10 tyrant leeches
  2 hellwings (Pan)
  16 raiju
  28 large abominations
  11 dream sheep
  19 hornets
  30 blink frogs
  An alligator simulacrum (IceCv)
  53 saltlings
  3 meliai zombies (D:15)
  78 slime creatures
  A spectral swamp dragon (Swamp:4)
  A slime creature (shapeshifter) (D:14)
  2 air elementals (Elf:2)
  A centaur simulacrum (Hell)
  8 wyverns
  6 wraiths
  4 vampires
  27 ynoxinuls
  7 water elementals
  A dire elephant simulacrum (IceCv)
  48 yaks
  A yak (shapeshifter) (Depths:2)
  12 fire elementals
  3 shadows
  18 starcursed masses
  A basilisk (Lair:5)
  2 golden eyes (Slime:3)
  11 neqoxecs
  2 steam dragons
  Grum (D:8)
  5 chaos spawn
  4 harpy simulacra
  A spatial vortex (Abyss:4)
  15 vampire mosquitoes
  Menkaure (D:6)
  40 nagas
  3 wargs
  14 swamp worms
  4 acid dragons
  2 hydra simulacra (IceCv)
  25 water moccasins
  11 hell hounds
  2 floating eyes (Depths:4)
  31 orc warriors
  A naga skeleton (Hell)
  3 hornet zombies (D:15)
  6 ice beasts
  5 swamp dragon zombies (Swamp:4)
  23 wolves
  3 boggarts (Vaults:1)
  5 ogres
  6 centaurs
  5 phantoms (Swamp:4)
  2 lemures (D:7)
  3 earth elementals
  A kobold brigand (D:9)
  8 bullfrogs
  A gnoll sergeant (D:6)
  5 scorpions
  A naga simulacrum (Hell)
  16 wights
  A killer bee (shapeshifter) (Elf:2)
  5 killer bees (D:11)
  3 electric eels (D:4)
  A vampire bat (D:14)
  5 lava snakes (Lair:5)
  5 howler monkeys
  7 centaur zombies
  4 crimson imps (Pan)
  A quasit (Abyss:3)
  A human zombie (Ossuary)
  A hound (D:4)
  5 jellies
  3 small abominations
  28 orc priests
  Crazy Yiuf (D:5)
  An iguana (D:5)
  21 orc wizards
  2 spectral swamp drakes (Swamp:4)
  3 mummies (Ossuary)
  13 gnolls
  2 swamp drake zombies (Swamp:4)
  10 adders
  2 shadow imps
  8 white imps
  An ufetubus (Abyss:3)
  6 worms
  2 dart slugs
  58 orcs
  11 bats
  5 endoplasms
  A giant cockroach (D:1)
  7 goblins
  6 hobgoblins
  2 jackals (D:3)
  5 quokkas
  3 ball pythons
  A frilled lizard (D:2)
  3 gnoll zombies (Ossuary)
  A goblin zombie (Ossuary)
  A hobgoblin zombie (Ossuary)
  17 kobolds
  A kobold zombie (Ossuary)
  5 rats
  3 starspawn tentacles
2613 creatures vanquished.

Vanquished Creatures (others)
  Aizul (Snake:1)
  2 demonspawn blood saints (Pan)
  An elemental wellspring (Hell)
  A wretched star (Abyss:3)
  An anaconda zombie (Snake:2)
  A wizard (Vaults:2)
  A cyclops (D:13)
  A bunyip simulacrum (Hell)
  3 bloated husks
  A harpy simulacrum (Hell)
  A swamp worm (Swamp:3)
  A tengu (shapeshifter) (Vaults:4)
  2 orcs
  20 foxfires (Swamp:2)
  7 starspawn tentacles
44 creatures vanquished.

Grand Total: 2657 creatures vanquished

Notes
Turn   | Place    | Note
-------+----------+-------------------------------------------
     0 | D:1      | arthad the Armataur Fighter began the quest for the Orb.
     0 | D:1      | Reached XP level 1. HP: 19/19 MP: 1/1
    61 | D:1      | Reached skill level 2 in Maces & Flails
   125 | D:1      | Reached XP level 2. HP: 26/26 MP: 2/2
   398 | D:2      | Found a faded altar of an unknown god.
   427 | D:2      | HP: 1/27 [goblin/+0 club (1)]
   663 | D:2      | Reached XP level 3. HP: 29/33 MP: 3/3
  1126 | D:3      | Noticed a scorpion
  1137 | D:3      | Killed a scorpion
  1138 | D:3      | Reached skill level 3 in Maces & Flails
  1138 | D:3      | Reached XP level 4. HP: 13/41 MP: 4/4
  1371 | D:3      | Reached XP level 5. HP: 48/48 MP: 5/5
  1823 | D:4      | Found a transporter.
  1842 | D:4      | Found a runed translucent door.
  1860 | D:4      | Noticed justen's ghost (amateur HOBe)
  1898 | D:4      | Found a sacrificial altar of Ru.
  1957 | D:4      | Found a transporter.
  2267 | D:5      | Entered Level 5 of the Dungeon
  2297 | D:5      | Reached XP level 6. HP: 53/55 MP: 6/6
  2476 | D:5      | Found Ihaam's Assorted Antiques.
  2484 | D:5      | Reached skill level 4 in Maces & Flails
  2650 | D:5      | Bought a scroll labelled GAVUOCK LUYQAL for 26 gold pieces
  2650 | D:5      | Bought a scroll labelled NYSCHU PUC LEW for 26 gold pieces
  2650 | D:5      | Bought a fizzy inky potion for 23 gold pieces
  2650 | D:5      | Bought a scroll labelled LAPSUW MUZY for 26 gold pieces
  2650 | D:5      | Bought a golden potion for 23 gold pieces
  2650 | D:5      | Bought a scroll labelled HIAWOU BYOKE for 26 gold pieces
  2670 | D:5      | Found a runed translucent door.
  2671 | D:5      | Noticed Crazy Yiuf
  2873 | D:5      | Reached skill level 5 in Armour
  2873 | D:5      | Reached XP level 7. HP: 64/64 MP: 7/7
  3034 | D:5      | Reached skill level 5 in Fighting
  3144 | D:5      | Killed Crazy Yiuf
  3246 | D:6      | Reached skill level 5 in Shields
  3310 | D:6      | Noticed a yak
  3314 | D:6      | Reached skill level 5 in Maces & Flails
  3326 | D:6      | Reached XP level 8. HP: 50/73 MP: 8/8
  3741 | D:6      | Noticed Maggie
  3751 | D:6      | Killed Maggie
  3752 | D:6      | Reached skill level 6 in Maces & Flails
  3962 | D:6      | Found a staircase to the Ecumenical Temple.
  3972 | Temple   | Entered the Ecumenical Temple
  3978 | Temple   | Became a worshipper of Warmaster Okawaru
  4163 | D:6      | Noticed Menkaure
  4167 | D:6      | Gained mutation: You have a pair of small antennae on your
                  | head. [potion of mutation]
  4167 | D:6      | Gained mutation: Your system is resistant to poisons.
                  | (rPois) [potion of mutation]
  4167 | D:6      | Gained mutation: You are robust. (+10% HP) [potion of
                  | mutation]
  4167 | D:6      | Gained mutation: You occasionally lose the ability to drink
                  | potions when taking damage. [potion of mutation]
  4167 | D:6      | Gained mutation: Your tail ends in a venomous barb. [potion
                  | of mutation]
  4167 | D:6      | Gained mutation: Your muscles are strong. (Str +4, Int/Dex
                  | -1) [potion of mutation]
  4167 | D:6      | Gained mutation: You have sharp toenails. [potion of
                  | mutation]
  4172 | D:6      | Killed Menkaure
  4173 | D:6      | Reached XP level 9. HP: 65/91 MP: 9/9
  4528 | D:7      | Found a flagged portal.
  4536 | Bailey   | Entered a bailey
  4541 | Bailey   | Noticed an orc warlord
  4628 | Bailey   | Noticed an orc knight
  4663 | Bailey   | Killed an orc knight
  4663 | Bailey   | Reached * piety under Okawaru
  4664 | Bailey   | Reached skill level 7 in Maces & Flails
  4664 | Bailey   | Reached skill level 1 in Invocations
  4670 | Bailey   | Found a runed translucent gate.
  4670 | Bailey   | Found a runed translucent gate.
  4670 | Bailey   | Found a runed translucent gate.
  5003 | Bailey   | Killed an orc warlord
  5003 | Bailey   | Reached ** piety under Okawaru
  5019 | Bailey   | Got the Quarto of Kinetic Energy
  5131 | D:7      | Found a sand-covered staircase.
  5138 | Ossuary  | Entered an ossuary
  5202 | Ossuary  | Acquired a +0 morningstar of holy wrath
  5486 | D:7      | Noticed Jeremiah
  5491 | D:7      | Killed Jeremiah
  5537 | D:7      | Noticed a +0 hand axe
  5540 | D:7      | Noticed a +0 dagger
  5592 | D:7      | Reached XP level 10. HP: 99/102 MP: 12/12
  5623 | D:7      | Noticed Pikel
  5641 | D:7      | Killed Pikel
  5641 | D:7      | Reached *** piety under Okawaru
  5714 | D:7      | Found a shimmering altar of Xom.
  5842 | D:7      | Found a hide-covered altar of Uskayaw.
  6112 | D:7      | Reached skill level 8 in Maces & Flails
  6328 | D:8      | Found a staircase to the Lair.
  6614 | D:8      | Noticed Joseph
  6635 | D:8      | Killed Joseph
  6842 | D:8      | Noticed an orange demon
  6844 | D:8      | Noticed Amaemon
  6856 | D:8      | Killed Amaemon
  6856 | D:8      | Reached **** piety under Okawaru
  6859 | D:8      | Killed an orange demon
  6955 | D:8      | Noticed Erica
  6966 | D:8      | Killed Erica
  7221 | D:8      | Noticed Grum
  7232 | D:8      | Reached ***** piety under Okawaru
  7233 | D:8      | Reached XP level 11. HP: 101/113 MP: 14/14
  7234 | D:8      | Killed Grum
  7235 | D:8      | Reached skill level 9 in Maces & Flails
  7433 | D:8      | Noticed a two-headed ogre
  7437 | D:8      | Killed a two-headed ogre
  7819 | D:9      | Noticed Harold
  7833 | D:9      | Killed Harold
  8231 | D:9      | Found a staircase to the Orcish Mines.
  8385 | D:9      | Noticed a two-headed ogre
  8394 | D:9      | Killed a two-headed ogre
  8394 | D:9      | Received a gift from Okawaru
  8659 | D:9      | Reached skill level 5 in Invocations
  8781 | D:10     | Entered Level 10 of the Dungeon
  9109 | D:10     | Reached skill level 10 in Fighting
  9297 | D:10     | Found a white marble altar of Elyvilon.
  9399 | D:11     | Found Lussung's Book Boutique.
  9413 | D:11     | Found Qeaseak's Jewellery Boutique.
  9461 | D:11     | Found Tybedid's Jewellery Shoppe.
  9474 | D:11     | Noticed a cyan ugly thing
  9485 | D:11     | Killed a cyan ugly thing
  9541 | D:11     | Received a gift from Okawaru
  9541 | D:11     | Found the +6 lightning scales {swift, rElec}
  9563 | D:11     | Found Yprenig's General Store.
  9567 | D:11     | Found a gate leading to a gauntlet.
  9576 | Gauntlet | Entered a Gauntlet
  9576 | Gauntlet | Found a transporter.
  9583 | Gauntlet | Noticed a great orb of eyes
  9604 | Gauntlet | Noticed a cyan ugly thing
  9605 | Gauntlet | Noticed a red ugly thing
  9671 | Gauntlet | Noticed a reaper
  9701 | Gauntlet | Found a transporter.
  9705 | Gauntlet | Found a transporter.
  9707 | Gauntlet | Found a transporter.
  9708 | Gauntlet | Found a transporter.
  9709 | Gauntlet | Found a transporter.
  9715 | Gauntlet | Found a runed translucent gate.
  9715 | Gauntlet | Found a runed translucent gate.
  9715 | Gauntlet | Found a runed translucent gate.
  9717 | Gauntlet | Found a transporter.
  9720 | Gauntlet | Found a transporter.
  9736 | Gauntlet | Noticed a quicksilver ooze
  9737 | Gauntlet | Found a transporter.
  9745 | Gauntlet | Found a transporter.
  9745 | Gauntlet | Found a transporter.
  9745 | Gauntlet | Noticed a wizard
  9747 | Gauntlet | Found a runed translucent door.
  9751 | Gauntlet | Noticed a wizard
  9753 | Gauntlet | Found a transporter.
  9759 | Gauntlet | Found a runed translucent door.
  9895 | Gauntlet | Killed a wizard
  9896 | Gauntlet | Reached skill level 10 in Maces & Flails
  9902 | Gauntlet | Killed a wizard
  9918 | Gauntlet | Identified the +1 hat of the Jabberwock {+Blink Int-4 Dex+9
                  | Stlth-}
  9926 | Gauntlet | Identified the +0 pair of boots "Pixiof" {rElec Str+3}
  9945 | Gauntlet | Killed a quicksilver ooze
  9946 | Gauntlet | Reached skill level 10 in Armour
  9954 | Gauntlet | Identified the +0 helmet of Dekh {Fly}
  9966 | Gauntlet | Found the +5 moon troll leather armour {Spirit, Regen++
                  | MP+5}
  9966 | Gauntlet | Noticed a minotaur
  9977 | Gauntlet | Killed a minotaur
  9978 | Gauntlet | Reached XP level 12. HP: 54/125 MP: 16/16
  9981 | Gauntlet | Got the Volume of the Flock and Hexes
 10412 | D:11     | You fall into a shaft and drop 1 floor!
 10470 | D:11     | Noticed Snorg
 10481 | D:11     | Killed Snorg
 10585 | D:11     | Found Decvytis's Antique Armour Shop.
 10884 | D:12     | Noticed a boulder beetle
 10900 | D:12     | Killed a boulder beetle
 11195 | D:12     | Noticed a two-headed ogre
 11205 | D:12     | Killed a two-headed ogre
 11262 | D:12     | Reached skill level 11 in Maces & Flails
 11444 | D:13     | Noticed a centaur warrior
 11449 | D:13     | Killed a centaur warrior
 11496 | D:13     | Found a runed translucent gate.
 11496 | D:13     | Found a runed translucent gate.
 11497 | D:13     | Found a runed translucent gate.
 11500 | D:13     | Noticed a naga warrior
 11500 | D:13     | Noticed a centaur warrior
 11500 | D:13     | Noticed a naga warrior
 11501 | D:13     | Noticed Xavori's ghost (journeyman OpCK)
 11516 | D:13     | Found an iron altar of Okawaru.
 11544 | D:13     | Received a gift from Okawaru
 11545 | D:13     | Reached skill level 10 in Shields
 11652 | D:13     | Noticed a centaur warrior
 11653 | D:13     | Noticed a six-headed hydra
 11654 | D:13     | Noticed a five-headed hydra
 11654 | D:13     | Killed a centaur warrior
 11656 | D:13     | Noticed a storm dragon
 11659 | D:13     | Noticed a centaur warrior
 11661 | D:13     | Noticed a death knight
 11662 | D:13     | Noticed an ettin
 11662 | D:13     | Noticed a yaktaur captain
 11666 | D:13     | Killed a five-headed hydra
 11666 | D:13     | Noticed a four-headed hydra
 11668 | D:13     | Noticed a yaktaur captain
 11677 | D:13     | Noticed a seven-headed hydra
 11678 | D:13     | Killed a storm dragon
 11678 | D:13     | Noticed an ice dragon
 11679 | D:13     | Reached XP level 13. HP: 111/135 MP: 16/18
 11689 | D:13     | Noticed a tengu reaver
 11692 | D:13     | Noticed an ettin
 11698 | D:13     | Killed an ettin
 11699 | D:13     | Reached ****** piety under Okawaru
 11699 | D:13     | Received a gift from Okawaru
 11699 | D:13     | Killed a tengu reaver
 11703 | D:13     | Noticed a frost giant
 11710 | D:13     | Noticed a fire giant
 11835 | D:12     | Reached skill level 12 in Maces & Flails
 11847 | D:12     | Killed a fire giant
 11921 | D:12     | Killed a frost giant
 11954 | D:12     | Killed an ettin
 12369 | D:13     | Got the Anthology of Conflagration and the Crypt
 12718 | D:13     | Identified the +5 ring mail of Canuh {-Cast rElec rCorr}
                  | (Okawaru gifted it to you on level 13 of the Dungeon)
 12718 | D:13     | Received a gift from Okawaru
 12947 | D:14     | Reached XP level 14. HP: 122/148 MP: 19/20
 13230 | D:14     | Noticed Rupert
 13237 | D:14     | Paralysed by Rupert for 4 turns
 13253 | D:14     | Killed Rupert
 13367 | D:14     | Found a gate to the Vaults.
 13430 | D:14     | Reached skill level 13 in Maces & Flails
 13883 | D:14     | Found a sparkling altar of Nemelex Xobeh.
 13908 | D:14     | Noticed Roxanne
 14048 | D:14     | Killed Roxanne
 14142 | D:15     | Entered Level 15 of the Dungeon
 14193 | D:15     | Identified the +6 chain mail of Utiss {rF+ MP-9 Str+6}
                  | (Okawaru gifted it to you on level 15 of the Dungeon)
 14193 | D:15     | Received a gift from Okawaru
 14202 | D:15     | Found a frozen archway.
 14254 | IceCv    | Entered an ice cave
 14254 | IceCv    | Noticed a white very ugly thing
 14268 | IceCv    | Found a transporter.
 14272 | IceCv    | Noticed a white very ugly thing
 14287 | IceCv    | Killed a white very ugly thing
 14417 | IceCv    | Found a transporter.
 14444 | D:15     | Found a staircase to the Depths.
 14583 | D:15     | Found a portal to a secret trove of treasure.
 14586 | D:15     | Paralysed by an ogre mage for 3 turns
 14784 | D:15     | Reached XP level 15. HP: 153/160 MP: 21/21
 15828 | Lair:1   | Entered Level 1 of the Lair of Beasts
 15854 | Lair:1   | Found a dark tunnel.
 15863 | Volcano  | Entered a volcano
 15886 | Volcano  | Received a gift from Okawaru
 15955 | Volcano  | Reached skill level 14 in Maces & Flails
 16466 | Lair:1   | Identified the +2 barding "Zaniumow" {rPois rC+ Str-4}
                  | (Okawaru gifted it to you on level 1 of the Lair of Beasts)
 16466 | Lair:1   | Received a gift from Okawaru
 17664 | Lair:3   | Reached skill level 10 in Invocations
 17820 | Lair:3   | Found a staircase to the Snake Pit.
 18119 | Lair:3   | Identified the +1 rapier of the Coin {venom, Int+6 Dex-2}
 18572 | Lair:3   | Found a staircase to the Swamp.
 18873 | Lair:4   | Found a staircase to the Slime Pits.
 18875 | Lair:4   | Found a viscous altar of Jiyva.
 19002 | Lair:4   | Identified the +5 quarterstaff "Qouxkat" {speed, rN+}
                  | (Okawaru gifted it to you on level 4 of the Lair of Beasts)
 19002 | Lair:4   | Received a gift from Okawaru
 19003 | Lair:4   | Reached XP level 16. HP: 163/171 MP: 23/23
 19079 | Lair:4   | Noticed Nessos
 19082 | Lair:4   | Killed Nessos
 19628 | Lair:5   | Entered Level 5 of the Lair of Beasts
 19697 | Lair:5   | Reached skill level 15 in Fighting
 19744 | Lair:5   | Acquired a manual of Fighting
 19789 | Lair:5   | Reached skill level 15 in Maces & Flails
 20120 | Lair:5   | Identified the +2 barding "Nallipn Weti" {Rampage Drain
                  | rElec Stlth+} (Okawaru gifted it to you on level 5 of the
                  | Lair of Beasts)
 20120 | Lair:5   | Received a gift from Okawaru
 20166 | Lair:5   | Found a large runed translucent door.
 20166 | Lair:5   | Found a large runed translucent door.
 21117 | Orc:1    | Entered Level 1 of the Orcish Mines
 21237 | Orc:2    | Entered Level 2 of the Orcish Mines
 21239 | Orc:2    | Found a staircase to the Elven Halls.
 21420 | Orc:2    | Found Qusy's Weapon Shoppe.
 21487 | Orc:2    | Found Zemupimi's Weapon Emporium.
 21487 | Orc:2    | Found Irphouty's Magic Scroll Shoppe.
 21491 | Orc:2    | Found Taytiga's Magic Scroll Shoppe.
 21552 | Orc:2    | Found Focosch's Magic Scroll Emporium.
 21580 | Orc:2    | Bought a scroll of enchant armour for 97 gold pieces
 21580 | Orc:2    | Bought a scroll of teleportation for 39 gold pieces
 21580 | Orc:2    | Bought a scroll of enchant armour for 97 gold pieces
 21580 | Orc:2    | Bought a scroll of teleportation for 39 gold pieces
 21582 | Orc:2    | Bought a scroll of enchant weapon for 105 gold pieces
 21582 | Orc:2    | Bought a scroll of teleportation for 42 gold pieces
 22300 | Swamp:1  | Entered Level 1 of the Swamp
 22436 | Swamp:1  | Reached skill level 15 in Armour
 22831 | Swamp:2  | Received a gift from Okawaru
 22852 | Swamp:2  | Reached XP level 17. HP: 159/187 MP: 21/25
 23152 | Swamp:3  | Found the +13 scythe of Curses {drain, curses, Drain}
 23478 | Swamp:3  | Reached skill level 16 in Maces & Flails
 23847 | Swamp:4  | Entered Level 4 of the Swamp
 23894 | Swamp:4  | Identified the +4 scale mail of the Everdark {rC+} (Okawaru
                  | gifted it to you on level 4 of the Swamp)
 23894 | Swamp:4  | Received a gift from Okawaru
 24144 | Swamp:4  | Found a transporter.
 24154 | Swamp:4  | Found a bloodstained altar of Trog.
 24162 | Swamp:4  | Noticed rjrrt's ghost (adept MiBe)
 24186 | Swamp:4  | Found a transporter.
 24617 | Swamp:4  | Noticed a bone dragon
 24625 | Swamp:4  | Killed a bone dragon
 24640 | Swamp:4  | Got a decaying rune of Zot
 24920 | Snake:1  | Entered Level 1 of the Snake Pit
 25072 | Snake:1  | Noticed Asterion
 25086 | Snake:1  | Killed Asterion
 25118 | Snake:1  | Noticed Aizul
 25127 | Snake:1  | Killed Aizul
 25727 | Snake:2  | Identified the +1 cloak of the Disturbing Wars {rC- Str+7
                  | Dex+3 Stlth+} (Okawaru gifted it to you on level 2 of the
                  | Snake Pit)
 25727 | Snake:2  | Received a gift from Okawaru
 25789 | Snake:2  | Noticed Mlioglotl
 25799 | Snake:2  | Gained mutation: You occasionally shout uncontrollably at
                  | your foes. [a neqoxec]
 25800 | Snake:2  | Gained mutation: You frequently scream uncontrollably at
                  | your foes. [a neqoxec]
 25801 | Snake:2  | Killed Mlioglotl
 25871 | Snake:2  | Noticed Saint Roka
 25883 | Snake:2  | Killed Saint Roka
 25928 | Snake:2  | Reached XP level 18. HP: 202/202 MP: 27/27
 26634 | Snake:3  | Reached skill level 17 in Maces & Flails
 26675 | Snake:3  | Found Dick's Book Emporium.
 26676 | Snake:3  | Found Rewil's Jewellery Shop.
 26678 | Snake:3  | Found Leesef's Book Emporium.
 26848 | Snake:3  | Reached skill level 15 in Shields
 26877 | Snake:3  | Received a gift from Okawaru
 27251 | Snake:4  | Entered Level 4 of the Snake Pit
 27304 | Snake:4  | Found an ornate altar of the Wu Jian Council.
 28056 | Snake:4  | Found a shimmering altar of Xom.
 28680 | Snake:4  | Got a serpentine rune of Zot
 28998 | Vaults:1 | Entered Level 1 of the Vaults
 29001 | Vaults:1 | Identified the +0 hat of Analysis {rC+ Str+2} (Okawaru
                  | gifted it to you on level 1 of the Vaults)
 29001 | Vaults:1 | Received a gift from Okawaru
 29163 | Vaults:1 | Reached XP level 19. HP: 215/215 MP: 28/28
 29605 | Vaults:1 | Found a runed translucent gate.
 29605 | Vaults:1 | Found a runed translucent gate.
 29605 | Vaults:1 | Found a runed translucent gate.
 29753 | Vaults:1 | Found Xigh's Assorted Antiques.
 29775 | Vaults:1 | Bought a scroll of enchant weapon for 232 gold pieces
 29993 | Vaults:1 | Noticed Pixtaico's ghost (adept FeNe)
 29999 | Vaults:1 | Killed Pixtaico's ghost
 30105 | Vaults:2 | Found a crumbling gateway.
 30120 | Vaults:2 | Reached skill level 18 in Maces & Flails
 30141 | Desolati | Entered the Desolation of Salt
 30149 | Arena    | Entered the Arena
 30282 | Desolati | Received a gift from Okawaru
 30361 | Desolati | HP: 10/216 [saltling (11)]
 30371 | Arena    | Entered the Arena
 30472 | Desolati | Identified the ring "Kyofao" {rC- EV+5 Int+3 Dex+3}
 30472 | Desolati | Found the +0 mask of the Dragon {Will+ Slay+3 SInv}
 30480 | Desolati | Identified the amulet "Eqei" {Reflect rElec rCorr Str-4
                  | Int+3 SH+5}
 30485 | Desolati | Got the Anthology of Ashes and Toxicants
 30498 | Desolati | Got Suytic's Quarto of Discontinuous Battle Magic
 30620 | Desolati | Identified the amulet of Avoarif {Faith -Tele Harm rN+}
 30622 | Desolati | Identified the amulet of Deerupt {RegenMP Str+3 Int+4}
 30627 | Desolati | Got Sif Muna's Precepts of the Postmortem Gestalt
 30777 | Desolati | Got the Tome of Phantasmal Firn
 30785 | Desolati | Got the Incunabulum of the Morbid Icicle
 31098 | Vaults:2 | Received a gift from Okawaru
 31479 | Vaults:2 | Found Enyrghuc's Weapon Boutique.
 32048 | Vaults:2 | Reached XP level 20. HP: 228/228 MP: 30/30
 32058 | Vaults:2 | Identified the +9 great sword of Lecisk Uwiga {protect, rF+
                  | Str+3 Int-3}
 32061 | Vaults:2 | Received a gift from Okawaru
 32276 | Vaults:3 | Found Cytyjil's Antique Weapon Boutique.
 32315 | Vaults:3 | Identified the ring of Vuim {rC++ MP+9 Str-5}
 32432 | Vaults:3 | Found a staircase to the Crypt.
 32621 | Vaults:3 | Noticed a golden dragon
 32780 | Vaults:3 | Received a gift from Okawaru
 32897 | Vaults:3 | Reached skill level 19 in Maces & Flails
 32931 | Vaults:3 | Got the Atlas of the Mortuary and the Union
 33349 | Vaults:4 | Found Veuwan's Magic Scroll Boutique.
 33411 | Vaults:4 | Noticed Sojobo
 33435 | Vaults:4 | Killed Sojobo
 33435 | Vaults:4 | Identified the +7 hand axe "Hyujyl" {protect, *Corrode
                  | rElec rC+++ Dex-4} (Okawaru gifted it to you on level 4 of
                  | the Vaults)
 33435 | Vaults:4 | Received a gift from Okawaru
 33438 | Vaults:4 | Reached skill level 1 in Dodging
 33635 | Vaults:4 | Paralysed by a formless jellyfish for 1 turns
 33860 | Vaults:4 | Got the Tractate on the Unstable Xenolith
 34398 | Vaults:4 | Identified the +11 great mace of the Madman {flame, MP+9
                  | Int+2 Dex-4 Stlth+} (Okawaru gifted it to you on level 4 of
                  | the Vaults)
 34398 | Vaults:4 | Received a gift from Okawaru
 34593 | Vaults:4 | Bought a scroll of teleportation for 48 gold pieces
 34593 | Vaults:4 | Bought a scroll of teleportation for 48 gold pieces
 34984 | D:13     | Killed Xavori's ghost
 35157 | Elf:1    | Entered Level 1 of the Elven Halls
 35199 | Elf:1    | Found a radiant altar of Vehumet.
 35265 | Elf:1    | Reached XP level 21. HP: 238/238 MP: 31/31
 35577 | Elf:1    | Found a runed translucent door.
 35577 | Elf:1    | Noticed Zikhlim's ghost (journeyman MiFi)
 35882 | Elf:1    | Killed Zikhlim's ghost
 35967 | Elf:2    | Received a gift from Okawaru
 36020 | Elf:2    | Found a huge runed translucent gate.
 36022 | Elf:2    | Found a huge runed translucent gate.
 36027 | Elf:2    | Found a huge runed translucent gate.
 36028 | Elf:2    | Found a huge runed translucent gate.
 36028 | Elf:2    | Found a huge runed translucent gate.
 36108 | Elf:2    | Paralysed by an air elemental for 1 turns
 36191 | Elf:2    | Found Pamp's Book Boutique.
 36231 | Elf:2    | Reached skill level 20 in Maces & Flails
 37267 | Elf:3    | Entered Level 3 of the Elven Halls
 37565 | Elf:3    | Received a gift from Okawaru
 37702 | Abyss:3  | Cast into level 3 of the Abyss (a deep elf sorcerer)
 37990 | Abyss:3  | Paralysed by accursed screaming for 1 turns
 37993 | Abyss:3  | Paralysed by accursed screaming for 1 turns
 38103 | Abyss:3  | Noticed a profane servitor
 38114 | Abyss:3  | Killed a profane servitor
 38208 | Elf:3    | Escaped the Abyss
 38478 | Elf:3    | Reached XP level 22. HP: 250/250 MP: 33/33
 38543 | Elf:3    | Identified the +7 quarterstaff "Guetwuza" {heavy, Int+3}
 38543 | Elf:3    | Identified the ring "Rafov" {Fly rCorr AC+4 Str-2 Dex+2}
 38546 | Elf:3    | Identified the +0 barding of the Banana {rN+} (Okawaru
                  | gifted it to you on level 3 of the Elven Halls)
 38546 | Elf:3    | Received a gift from Okawaru
 38611 | Elf:3    | Identified the +8 double sword of Desperation {flame, rPois
                  | Int+2 Stlth-}
 38795 | Elf:3    | Reached skill level 1 in Throwing
 38832 | Elf:3    | Identified the +8 shortbow "Zuonoch" {drain, Str+3}
 38890 | Elf:3    | Got the Volume of Unfortunate Damage
 38898 | Elf:3    | Identified the +0 plate armour "Fauseoli" {rElec MP-9 Int+4
                  | Dex+3}
 39600 | Depths:1 | Entered Level 1 of the Depths
 39600 | Depths:1 | Found a one-way gate to the infinite horrors of the Abyss.
 39667 | Depths:1 | Found a gateway to Hell.
 39670 | Depths:1 | Reached skill level 21 in Maces & Flails
 39862 | Depths:1 | Found Zeasaang's Specialty Armours.
 39874 | Depths:1 | Noticed Norris
 39889 | Depths:1 | Killed Norris
 39900 | Depths:1 | Reached skill level 15 in Invocations
 40169 | Depths:1 | Found Hacelil's Jewellery Shop.
 40441 | Depths:1 | Found Caxukhin's Armour Shoppe.
 40453 | Depths:1 | Found Fuqoal's Book Boutique.
 40502 | Depths:1 | Found Boshiz's Magic Scroll Shop.
 40556 | Depths:1 | Found Fusis's Changing Room.
 40630 | Depths:1 | Received a gift from Okawaru
 41012 | Depths:2 | Found Issorgh's Weapon Boutique.
 41019 | Depths:2 | Found Esiduama's Jewellery Shop.
 41208 | Depths:2 | Identified the +5 sling of Ucleni Lueta {antimagic, rElec
                  | Int+5 Stlth+}
 41307 | Depths:2 | Noticed a caustic shrike
 41308 | Depths:2 | Noticed a caustic shrike
 41308 | Depths:2 | Noticed a caustic shrike
 41376 | Depths:1 | Bought a scroll of enchant armour for 105 gold pieces
 41376 | Depths:1 | Bought a scroll of blinking for 105 gold pieces
 41376 | Depths:1 | Bought a scroll of teleportation for 42 gold pieces
 41483 | Depths:2 | Killed a caustic shrike
 41515 | Depths:2 | Found Ecsiuheu's Armour Shoppe.
 41541 | Depths:2 | Killed a caustic shrike
 41610 | Depths:2 | Found a bloodstained altar of Trog.
 41625 | Depths:2 | Got the Octavo of Lava
 41635 | Depths:2 | Killed a caustic shrike
 41915 | Depths:2 | Got the Compendium of Ill-fated Gases
 42036 | Depths:2 | Found a one-way gate leading to the halls of Pandemonium.
 42062 | Depths:2 | Found Ceugi's Weapon Emporium.
 42288 | Depths:3 | Noticed Mennas
 42317 | Depths:3 | Killed Mennas
 42782 | Depths:3 | Received a gift from Okawaru
 42836 | Depths:3 | Reached XP level 23. HP: 260/260 MP: 34/34
 42854 | Depths:3 | Reached skill level 5 in Dodging
 42970 | Depths:3 | Reached skill level 22 in Maces & Flails
 43518 | Depths:3 | Noticed a dread lich
 43519 | Depths:3 | Noticed a juggernaut
 43520 | Arena    | Entered the Arena
 43523 | Arena    | Killed a dread lich
 43554 | Depths:3 | Killed a juggernaut
 43767 | Depths:4 | Entered Level 4 of the Depths
 44188 | Depths:4 | Found a one-way gateway to a ziggurat.
 44189 | Depths:4 | Paralysed by a floating eye for 3 turns
 44197 | Depths:4 | Paralysed by a floating eye for 3 turns
 44204 | Depths:4 | Paralysed by a floating eye for 2 turns
 44207 | Depths:4 | Gained mutation: Your mind is acute. (Int +4, Str/Dex -1)
                  | [a shining eye]
 44235 | Depths:4 | Received a gift from Okawaru
 44504 | Depths:4 | Found a gate to the Realm of Zot.
 44564 | Depths:4 | Found a shadowy altar of Dithmenos.
 45046 | Slime:1  | Entered Level 1 of the Pits of Slime
 45051 | Slime:1  | Lost mutation: Your muscles are strong. (Str +4, Int/Dex
                  | -1) [a shining eye]
 45054 | Slime:1  | Gained mutation: You sometimes lose your temper in combat.
                  | [a shining eye]
 45105 | Slime:2  | Gained mutation: You do not regenerate when monsters are
                  | visible. [a shining eye]
 45130 | Slime:2  | Lost mutation: You are robust. (+10% HP) [potion of
                  | mutation]
 45130 | Slime:2  | Lost mutation: You sometimes lose your temper in combat.
                  | [potion of mutation]
 45130 | Slime:2  | Lost mutation: You do not regenerate when monsters are
                  | visible. [potion of mutation]
 45130 | Slime:2  | Lost mutation: Your mind is acute. (Int +4, Str/Dex -1)
                  | [potion of mutation]
 45130 | Slime:2  | Lost mutation: You have sharp toenails. [potion of
                  | mutation]
 45130 | Slime:2  | Lost mutation: You occasionally lose the ability to drink
                  | potions when taking damage. [potion of mutation]
 45130 | Slime:2  | Gained mutation: You are weak. (Str -2) [potion of
                  | mutation]
 45130 | Slime:2  | Gained mutation: Your magical capacity is low. (-10% MP)
                  | [potion of mutation]
 45130 | Slime:2  | Gained mutation: Potions are less effective at restoring
                  | your health. [potion of mutation]
 45130 | Slime:2  | Gained mutation: You are very weak. (Str -4) [potion of
                  | mutation]
 45130 | Slime:2  | Lost mutation: You have a pair of small antennae on your
                  | head. [potion of mutation]
 45130 | Slime:2  | Gained mutation: Your tail ends in a sharp venomous barb.
                  | [potion of mutation]
 45131 | Slime:2  | Lost mutation: Your system is resistant to poisons. (rPois)
                  | [potion of mutation]
 45131 | Slime:2  | Lost mutation: Potions are less effective at restoring your
                  | health. [potion of mutation]
 45131 | Slime:2  | Lost mutation: You are very weak. (Str -4) [potion of
                  | mutation]
 45131 | Slime:2  | Lost mutation: Your magical capacity is low. (-10% MP)
                  | [potion of mutation]
 45131 | Slime:2  | Gained mutation: Your body sometimes deteriorates upon
                  | taking damage. [potion of mutation]
 45131 | Slime:2  | Gained mutation: You are partially covered in iridescent
                  | scales. (AC +2) [potion of mutation]
 45131 | Slime:2  | Lost mutation: You frequently scream uncontrollably at your
                  | foes. [potion of mutation]
 45131 | Slime:2  | Lost mutation: You are weak. (Str -2) [potion of mutation]
 45274 | Slime:3  | Gained mutation: Your body often deteriorates upon taking
                  | damage. [a shining eye]
 45278 | Slime:3  | Gained mutation: You sometimes lose your temper in combat.
                  | [a shining eye]
 45279 | Slime:3  | Gained mutation: You are weak. (Str -2) [a shining eye]
 45283 | Slime:3  | Gained mutation: You are frail. (-10% HP) [a shining eye]
 45519 | Slime:5  | Entered Level 5 of the Pits of Slime
 45532 | Slime:5  | Noticed the Royal Jelly
 45562 | Slime:5  | Killed the Royal Jelly
 45563 | Slime:5  | Reached skill level 5 in Throwing
 45632 | Slime:5  | Identified the +8 plate armour of Ibaffeth {MP+9}
 45686 | Slime:5  | Got Sif Muna's Octavo of Twisted Battle Magic
 45692 | Slime:5  | Got the Precepts of Flaming Spooky Arts
 45708 | Slime:5  | Got Liovohy's Lessons on Misty Bombardment
 45711 | Slime:5  | Identified the +7 sling "Mues" {drain, rF+}
 45752 | Slime:5  | Found the ring of the Tortoise {AC+8}
 45760 | Slime:5  | Identified the +1 battleaxe of Greed {vamp, rC++ SInv}
 45783 | Slime:5  | Identified the +6 great sword of Ubiquitous Subterfuge
                  | {elec, rN+ Str+2 Dex+3}
 46054 | Slime:5  | Got a slimy rune of Zot
 46151 | Lair:4   | Lost mutation: You are weak. (Str -2) [potion of mutation]
 46151 | Lair:4   | Lost mutation: Your body often deteriorates upon taking
                  | damage. [potion of mutation]
 46151 | Lair:4   | Lost mutation: Your body sometimes deteriorates upon taking
                  | damage. [potion of mutation]
 46151 | Lair:4   | Lost mutation: You occasionally shout uncontrollably at
                  | your foes. [potion of mutation]
 46151 | Lair:4   | Lost mutation: You are frail. (-10% HP) [potion of
                  | mutation]
 46151 | Lair:4   | Lost mutation: You are partially covered in iridescent
                  | scales. (AC +2) [potion of mutation]
 46151 | Lair:4   | Gained mutation: You have sharp toenails. [potion of
                  | mutation]
 46151 | Lair:4   | Gained mutation: Your skin changes colour to match your
                  | surroundings (Stealth+). [potion of mutation]
 46151 | Lair:4   | Gained mutation: You have an increased reservoir of magic.
                  | (+10% MP) [potion of mutation]
 46151 | Lair:4   | Gained mutation: You are weak. (Str -2) [potion of
                  | mutation]
 46151 | Lair:4   | Gained mutation: You expend magic power (3 MP) to
                  | strengthen your wands. [potion of mutation]
 46152 | Lair:4   | Lost mutation: You have sharp toenails. [potion of
                  | mutation]
 46152 | Lair:4   | Lost mutation: Your tail ends in a sharp venomous barb.
                  | [potion of mutation]
 46152 | Lair:4   | Lost mutation: You sometimes lose your temper in combat.
                  | [potion of mutation]
 46152 | Lair:4   | Lost mutation: Your tail ends in a venomous barb. [potion
                  | of mutation]
 46152 | Lair:4   | Lost mutation: You expend magic power (3 MP) to strengthen
                  | your wands. [potion of mutation]
 46152 | Lair:4   | Lost mutation: You are weak. (Str -2) [potion of mutation]
 46152 | Lair:4   | Gained mutation: You are occasionally teleported next to
                  | monsters. [potion of mutation]
 46152 | Lair:4   | Gained mutation: You have a considerably increased
                  | reservoir of magic. (+20% MP) [potion of mutation]
 46152 | Lair:4   | Gained mutation: You are partially covered in iridescent
                  | scales. (AC +2) [potion of mutation]
 46152 | Lair:4   | Gained mutation: You are vulnerable to cold. (rC-) [potion
                  | of mutation]
 46152 | Lair:4   | Gained mutation: You are weak. (Str -2) [potion of
                  | mutation]
 46152 | Lair:4   | Gained mutation: You are mostly covered in iridescent
                  | scales. (AC +4) [potion of mutation]
 46153 | Lair:4   | Lost mutation: You are weak. (Str -2) [potion of mutation]
 46153 | Lair:4   | Lost mutation: Your skin changes colour to match your
                  | surroundings (Stealth+). [potion of mutation]
 46153 | Lair:4   | Lost mutation: You have a considerably increased reservoir
                  | of magic. (+20% MP) [potion of mutation]
 46153 | Lair:4   | Lost mutation: You are occasionally teleported next to
                  | monsters. [potion of mutation]
 46153 | Lair:4   | Lost mutation: You are mostly covered in iridescent scales.
                  | (AC +4) [potion of mutation]
 46153 | Lair:4   | Lost mutation: You have an increased reservoir of magic.
                  | (+10% MP) [potion of mutation]
 46153 | Lair:4   | Gained mutation: You are vulnerable to heat. (rF-) [potion
                  | of mutation]
 46153 | Lair:4   | Gained mutation: You possess an exceptional clarity of
                  | mind. [potion of mutation]
 46153 | Lair:4   | Gained mutation: You have a beak for a mouth. [potion of
                  | mutation]
 46154 | Lair:4   | Lost mutation: You possess an exceptional clarity of mind.
                  | [potion of mutation]
 46154 | Lair:4   | Lost mutation: You are vulnerable to cold. (rC-) [potion of
                  | mutation]
 46154 | Lair:4   | Lost mutation: You have a beak for a mouth. [potion of
                  | mutation]
 46154 | Lair:4   | Lost mutation: You are vulnerable to heat. (rF-) [potion of
                  | mutation]
 46154 | Lair:4   | Lost mutation: You are partially covered in iridescent
                  | scales. (AC +2) [potion of mutation]
 46154 | Lair:4   | Gained mutation: You have supernaturally acute eyesight.
                  | (SInv) [potion of mutation]
 46154 | Lair:4   | Gained mutation: You are partially covered in large bone
                  | plates. (SH +4) [potion of mutation]
 46154 | Lair:4   | Gained mutation: You are strong-willed. (Will+) [potion of
                  | mutation]
 46540 | Depths:1 | Voluntarily entered the Abyss.
 46696 | Abyss:4  | Found a corrupted altar of Lugonu.
 46696 | Abyss:4  | Found a corrupted altar of Lugonu.
 46742 | Abyss:4  | Reached XP level 24. HP: 133/249 MP: 34/34
 46776 | Abyss:4  | Found a corrupted altar of Lugonu.
 46842 | Abyss:4  | Identified the +0 barding of Icwuttex {Harm} (Okawaru
                  | gifted it to you on level 4 of the Abyss)
 46842 | Abyss:4  | Received a gift from Okawaru
 46856 | Abyss:4  | Got an abyssal rune of Zot
 46866 | Depths:1 | Escaped the Abyss
 47506 | D:11     | Bought a manual of Maces & Flails for 1280 gold pieces
 47729 | Swamp:4  | Killed rjrrt's ghost
 48248 | D:4      | Killed justen's ghost
 48551 | Hell     | Entered the Vestibule of Hell
 48551 | Hell     | Noticed Geryon
 48574 | Arena    | Entered the Arena
 48576 | Arena    | Killed Geryon
 48602 | Hell     | Reached skill level 1 in Evocations
 48605 | Hell     | Noticed Murray
 48612 | Hell     | Killed Murray
 48667 | Hell     | Found a gateway to the ashen valley of Gehenna.
 49014 | Hell     | Found a gateway to the Iron City of Dis.
 49040 | Hell     | Found a gateway to the freezing wastes of Cocytus.
 49301 | Hell     | Found a gateway to the decaying netherworld of Tartarus.
 49555 | Vaults:5 | Entered Level 5 of the Vaults
 50066 | Vaults:5 | Reached skill level 23 in Maces & Flails
 50181 | Vaults:5 | Identified the +0 helmet "Kuenk" {*Slow rF+++ Dex+5}
 50296 | Vaults:5 | Received a gift from Okawaru
 50540 | Vaults:5 | Got the Compilation of the Iron Hornet
 50650 | Vaults:5 | Identified the +0 cloak of Oleg {rC+}
 50849 | Vaults:5 | Received a gift from Okawaru
 51269 | Vaults:5 | Noticed a dread lich
 51282 | Vaults:4 | Killed a dread lich
 51322 | Vaults:5 | Reached XP level 25. HP: 220/260 MP: 35/35
 51352 | Vaults:5 | Identified the +6 leather armour of the Thunderstorm
                  | {Rampage Str+3 Int+2}
 51764 | Vaults:5 | Identified the amulet "Iherem" {Reflect rCorr SH+5}
 51897 | Vaults:5 | Got Urchorphyl's Cyclopedia of the Gritty Crevasse
 51899 | Vaults:5 | Got a silver rune of Zot
 51905 | Vaults:5 | Identified the +9 spear "Unifoi Luupi" {heavy, *Slow rElec
                  | rN+++ Str-2}
 51924 | Vaults:5 | Got the Guide on Airy Pollution
 51925 | Vaults:5 | Identified the ring "Hex Pah" {Fire rElec Dex+6}
 52533 | Pan      | Entered Pandemonium
 52538 | Pan      | Received a gift from Okawaru
 52887 | Pan      | Noticed Gubas the pandemonium lord
 52895 | Pan      | Killed Gubas the pandemonium lord
 53453 | Pan      | Identified the amulet of Vehumet's Whim {rF+ rN+ Regen+}
 53546 | Pan      | Identified the +5 flail of Capital Punishment {antimagic,
                  | *Rage rC+ Stlth+} (Okawaru gifted it to you in Pandemonium)
 53546 | Pan      | Received a gift from Okawaru
 54078 | Pan      | Reached skill level 5 in Evocations
 54230 | Pan      | Reached skill level 24 in Maces & Flails
 54836 | Pan      | Identified the +3 long sword "Teisean" {heavy, Fly rElec
                  | Int-3 Stlth+}
 55038 | Pan      | Found a transporter.
 55213 | Pan      | Found a transporter.
 55345 | Pan      | Received a gift from Okawaru
 55346 | Arena    | Entered the Arena
 55371 | Arena    | Entered the Arena
 55391 | Arena    | Entered the Arena
 55425 | Pan      | Gained mutation: Your body sometimes deteriorates upon
                  | taking damage. [a neqoxec]
 55425 | Pan      | Gained mutation: Your magical capacity is low. (-10% MP) [a
                  | cacodemon]
 55641 | Pan      | HP: 7/260 [sphinx/divine providence[a demonspawn corrupter]
                  | (14)]
 55747 | Pan      | Identified the +2 robe of the Pink Corner {rN++ Slay-2}
 55784 | Pan      | Noticed Fiunkix the pandemonium lord
 55798 | Pan      | Killed Fiunkix the pandemonium lord
 56055 | Pan      | Got a demonic rune of Zot
 56395 | Pan      | Identified the +3 robe "Oves" {+Blink}
 56646 | Pan      | Reached XP level 26. HP: 270/270 MP: 31/31
 57609 | Pan      | Found a white marble altar of Elyvilon.
 58042 | Pan      | Identified the +11 orcbow "Ofuphei" {speed, rC+}
 58105 | Pan      | Identified the +1 hat "Geles" {Rampage Str+3} (Okawaru
                  | gifted it to you in Pandemonium)
 58105 | Pan      | Received a gift from Okawaru
 58282 | Pan      | Noticed a seraph
 58301 | Pan      | Killed a seraph
 58502 | Pan      | Reached skill level 25 in Maces & Flails
 58826 | Pan      | Identified the ring "Caakh" {Wiz rPois rN++ Will+ Int+2}
 58832 | Pan      | Found a glowing golden altar of the Shining One.
 58845 | Pan      | Identified the +2 long sword "Qumacum" {distort, rPois
                  | MP+9}
 58847 | Pan      | Got the Codex of the Tesseract and Evil
 58849 | Pan      | Got the Secrets of Distorted Ice
 58861 | Pan      | Identified the ring of Gaetaill {rN+ SInv}
 58862 | Pan      | Identified the +6 dagger "Hihekeugg" {heavy, rElec Str+3
                  | Dex-2 Stlth+}
 58863 | Pan      | Identified the ring "Fugraub" {*Corrode rPois rN+++ MP+9
                  | Dex+5}
 60013 | Pan      | Found a glowing silver altar of Zin.
 60836 | Depths:2 | Escaped Pandemonium
 60938 | D:15     | You paid a toll of +2 fire dragon scales to enter a
                  | treasure trove
 60939 | Trove    | Entered a treasure trove
 60949 | Trove    | Identified the ring of Gaegut {MP+9 Str+2 Int+6 Slay+3}
 60951 | Trove    | Identified the amulet of Zoviu {Acrobat Harm rElec Will-}
 60967 | Trove    | Identified the ring "Leagar" {rElec rPois AC+4 Int+2 Dex+2}
 61108 | Pan      | Entered Pandemonium
 61115 | Pan      | Found an exit through the horrors of the Abyss.
 61153 | Pan      | Gained mutation: Your magical capacity is very low. (-20%
                  | MP) [a cacodemon]
 61176 | Pan      | Entered the realm of Cerebov.
 61182 | Pan      | Identified the ring of Scepticism {rPois rF+}
 61193 | Arena    | Entered the Arena
 61235 | Pan      | Received a gift from Okawaru
 61240 | Pan      | Reached XP level 27. HP: 56/279 MP: 28/28
 61249 | Arena    | Entered the Arena
 61734 | Pan      | Identified the +9 orcbow of Latwaude {freeze, rF+ Will+}
 61734 | Pan      | Identified the +3 long sword of the Desert {drain, MP+9
                  | Str-5 SInv}
 61773 | Pan      | Identified the amulet of Akhych {Faith Str+3 Dex+4}
 61790 | Pan      | Identified the +6 long sword of Giwastuwe {drain, Int+2
                  | Stlth+}
 61816 | Pan      | Found the +6 sword of Cerebov {flame}
 61816 | Pan      | Noticed Cerebov
 61841 | Pan      | Killed Cerebov
 61841 | Pan      | Received a gift from Okawaru
 61905 | Pan      | Received a gift from Okawaru
 61977 | Pan      | Identified the ring of Cunnileb {+Blink rElec rPois Str+6}
 62014 | Pan      | Got the Textbook on Reconstruction
 62018 | Pan      | Identified the +3 dagger "Etaosuost" {freeze, rN+ MP-9
                  | Dex+4}
 62036 | Pan      | Got a fiery rune of Zot
 62394 | Pan      | Noticed Veekh the pandemonium lord
 62414 | Pan      | Killed Veekh the pandemonium lord
 62662 | Pan      | Received a gift from Okawaru
 62683 | Pan      | Gained mutation: You are clumsy. (Dex -2) [a neqoxec]
 62684 | Pan      | Identified the +3 scimitar of Subjectivity {flame, rF+
                  | Will+ Dex-5}
 63266 | Pan      | Noticed Ramisus the pandemonium lord
 63268 | Pan      | Received a gift from Okawaru
 63280 | Pan      | Killed Ramisus the pandemonium lord
 63291 | Pan      | HP: 9/282 [demonspawn blood saint/iceblast (21)]
 63291 | Pan      | Killed from afar by a demonspawn blood saint

Illustrated notes

Levels and vault maps discovered:
D:1:      minmay_arrival_four_houses, layout_rooms, minmay_misc_feat_five
D:2:      layout_basic, hellmonk_ecumenical_altar_lost_god
D:3:      wander_river, layout_basic, grunt_ministairs_10
D:4:      gammafunk_steamed_eel, layout_cave_pools, kennysheep_mini,
          serial_column_ruins, column_ruins_hut, column_ruins_hut_water,
          column_ruins_corridor_dead_end, column_ruins_columns_straight,
          column_ruins_columns_dead_end, ebering_ghost_sewer_d
D:5:      layout_cave_pools, serial_shops, shop, uniq_crazy_yiuf_cottage
D:6:      layout_loops_corners, minmay_temple_entry_antechambers,
          minmay_chambers_of_fives, uniq_maggie, uniq_menkaure
D:7:      layout_cave_pods, dancing_weapons_uskayaw, xom_teletrap_fun,
          chequers_ossuary_entry_cave, enter_bailey_2,
          minmay_stone_trees_medium, solitary_fountain, uniq_pikel,
          uniq_jeremiah
D:8:      layout_basic, lair_entry_dummy, amethyst_killhole, uniq_joseph,
          uniq_grum, uniq_erica, uniq_amaemon
D:9:      layout_basic, david_orc_4, uniq_harold
D:10:     layout_roguey, elyvilon_altar_3
D:11:     layout_roguey, gauntlet_entry_generic, serial_shops, shop,
          nicolae_shop_gaudy_bauble, shop, nicolae_shop_waterfront,
          nicolae_stop_n_shop_1, uniq_snorg
D:12:     layout_cave_pools, serial_park, serial_park_paths
          [serial_park_minivault_5x5_8], serial_park_avenue1
D:13:     nicolae_fronds_of_death, layout_basic,
          gammafunk_ghost_fury_of_okawaru, minmay_misc_feat_enclosed
D:14:     layout_basic, erik_vaults_2, roderic_batcave,
          nemelex_diamond_rough_becter, uniq_roxanne, uniq_rupert
D:15:     gammafunk_depths_entry_grave, layout_gridville, minivault_23,
          serial_undead, serial_undead_d, serial_undead_c, serial_undead_d,
          serial_undead_c, serial_undead_c, serial_undead_c, serial_undead_b,
          serial_undead_d, serial_undead_e, serial_undead_c,
          nicolae_trove_entry_crossroad, portal_ice_cave_entry_dragon,
          chequers_serial_rivers_small_b
Temple:   eino_narrow_crystal_temple
Lair:1:   layout_chaotic_city, nicolae_volcano_entry_vermiform,
          serial_bayou_pond_e
Lair:2:   nzn_winding_woodlands_small
          [nzn_winding_woodlands_5x15_pathside_ponds,
          nzn_winding_woodlands_center_diamonds,
          nzn_winding_woodlands_5x15_garden], layout_chaotic_city
Lair:3:   layout_layer_cave, minmay_swamp_entry_worms,
          minmay_snake_entry_six_corridors
Lair:4:   layout_gridlike, minmay_slime_entry_pillars, st_stairs_13,
          grunt_megastairs_2, uniq_nessos
Lair:5:   cheibrodos_lair_end_hotspot, layout_regular_city,
          nicolae_lair_run_with_the_wolves
Swamp:1:  layout_basic_swamp, evilmike_swamp_ruin_rubble_2
Swamp:2:  nicolae_swamp_tree_isthmus, layout_basic_swamp,
          evilmike_swamp_ruin_rubble_1, swamp_pool5, nzn_swamp_stair_ambush
Swamp:3:  layout_basic_swamp, evilmike_swamp_ruin_house_4,
          hangedman_swamp_wriggling
Swamp:4:  swamp_pestilence, layout_basic_swamp,
          gammafunk_ghost_wrathful_warriors, nicolae_swamp_triple_paths,
          swamp_pool3, infiniplex_staircase_pool
Snake:1:  layout_misc_corridors, uniq_aizul, uniq_asterion
Snake:2:  layout_onion, nicolae_snake_dead_anacondas, nicolae_integral_box,
          uniq_mlioglotl, uniq_saint_roka
Snake:3:  layout_onion, nicolae_snake_flat_spine,
          hangedman_snake_corridor_split, minmay_shop_grove
Snake:4:  snake_pit, layout_onion_interference, special_room,
          hangedman_feature_mirror, serial_bayou_shore_a
Slime:1:  layout_caves
Slime:2:  layout_caves
Slime:3:  layout_caves
Slime:4:  layout_caves
Slime:5:  slime_pit_nicolae_amoeboid
Orc:1:    layout_caves
Orc:2:    st_orc_mages, layout_caves, serial_shops,
          nicolae_shop_back_alley_shop, nicolae_orc_rockfall
Elf:1:    eino_elf_arrival_altar, layout_loops_cross, ebering_ghost_inner_flame
Elf:2:    elven_hall_of_blades_hangedman_alternative
          [nicolae_vaults_blade_armed_guards], layout_loops_cross, serial_shops,
          nicolae_shop_peninsula, st_stairs_11, dk_noncrumbling_3
Elf:3:    minmay_elf_hall_four_x, layout_loops_corners, serial_glass,
          glass_columns_c, glass_columns_a, grunt_megastairs_5
Vaults:1: ebering_ghost_rock_garden, v_misc_1, nicolae_vaults_shrinking_rooms_1,
          nicolae_vaults_two_Ls, hangedman_vaults_capsules,
          hangedman_vaults_unwind, nicolae_vaults_tetromino_L_2,
          nicolae_vaults_prndl, nicolae_vaults_heart-shaped_vault,
          v_alt_pattern_1, nicolae_vaults_little_squares_5, grunt_vaults_funnel,
          v_misc_8, layout_vaults_omnibox, serial_shops, shop
Vaults:2: portal_desolation_entry_nicolae_nacl, nicolae_vaults_big_angled_halls,
          vaults_dpeg_encased_lava, nicolae_vaults_storage_closets_3,
          nicolae_vaults_tetromino_T_1, nicolae_vaults_circle_grid_a,
          vaults_mumra_hexcomb, nicolae_vaults_taking_the_gang_shopping,
          v_misc_1, grunt_vaults_hallway_short,
          nicolae_vaults_closet_pinwheel_5, vaults_room_corners,
          nicolae_vaults_house_1, layout_vaults_omnicross
Vaults:3: v_pattern_3, minmay_crypt_entry_simple_plaza,
          nicolae_vaults_specimen_jars, ontoclasm_vaults_decontamination,
          v_misc_3, nicolae_vaults_stepped_doors,
          nicolae_vaults_frosty_reception, nicolae_vaults_library_corner,
          grunt_vaults_hallway_short, layout_vaults_big_room, serial_shops,
          shop_fountains
Vaults:4: nicolae_vaults_door_testing_chamber,
          nicolae_vaults_diagonal_hallway_8, nicolae_vaults_storage_room_glass,
          nicolae_vaults_tetromino_Z_1, nicolae_vaults_network_square,
          grunt_vaults_focal, ontoclasm_vaults_spin, v_misc_3,
          nicolae_vaults_sealed_display, layout_vaults_omnigrid, serial_shops,
          nicolae_shop_peninsula, uniq_sojobo
Vaults:5
Depths:1: layout_gridlike, hellmouth_3, serial_shops, shop,
          nicolae_take_the_stairs, shop, nicolae_shop_rolling_square,
          abyss_entry_glasseish, chequers_serial_rivers_large_a,
          nicolae_transmutations_shop, nicolae_barding_shop, uniq_norris
Depths:2: minmay_tri_box, layout_cave_pools, abyss_entry,
          rand_demon_pan_entry_1, serial_shops, nicolae_shop_trees,
          nicolae_shop_just_a_little_nook, nicolae_shop_gibbet_a_chance, shop,
          hell_entry, argonaut_fire_from_heaven, uniq_grunn
Depths:3: cheibrodos_spurs, layout_basic, chequers_serial_rivers_micro_b,
          abyss_entry_crystal, hell_entry, uniq_mennas
Depths:4: evilmike_zot_entry_diamond, layout_cave_pools, enter_ziggurat_d,
          pf_vacation_house_of_asmodeus,
          nicolae_dithmenos_through_a_glass_darkly
Hell
Pan:      rand_demon_4, layout_basic, pan_blood_fountain_small,
          gammafunk_dig_for_victory, layout_small_grid,
          evilmike_mini_pan_layers, layout_basic, rand_demon_5,
          layout_cellular_growth, evilmike_holy_pan,
          evilmike_mini_pan_pillars_b, layout_basic, cerebov_grunt,
          layout_irregular_city, grunt_pan_zigzag, layout_irregular_city,
          pan_blood_fountain, nicolae_the_louvre, nicolae_pan_bazaar_rune,
          layout_irregular_city, pan_blood_fountain_small

Skill      XL: |  1  2  3  4  5  6  7  8  9 10 11 12 13 14 15 16 17 18 19 20 21 22 23 24 25 26 27 |
---------------+----------------------------------------------------------------------------------+-----
Maces & Flails | 2 3 4 5 6 7 8 10 11 12 13 14 15 16 17 18 19 20 21 22 23 24 25 | 25.4
Fighting       | 3 4 5 6 8 9 10 11 12 13 14 16 18 19 20 21 22 23 24 | 24.5
Armour         | 4 5 6 7 8 10 11 12 13 14 15 16 17 18 19 20 21 22 23 24 | 24.8
Shields        | 4 5 6 7 8 9 10 11 12 13 14 15 16 17 18 19 20 21 22 23 | 23.0
Invocations    | 2 4 5 7 8 9 10 11 12 13 14 15 16 17 | 17.7
Dodging        | 2 3 4 6 7 8 9 |  9.0
Throwing       | 3 5 6 8 9 |  9.7
Evocations     | 3 5 7 8 |  8.4

Action                     |  1- 3 |  4- 6 |  7- 9 | 10-12 | 13-15 | 16-18 | 19-21 | 22-24 | 25-27 || total
---------------------------+-------+-------+-------+-------+-------+-------+-------+-------+-------++-------
  Melee: Flail             |    95 |   135 |   198 |    16 |    19 |       |       |       |       ||   463
         Tailslap          |    11 |    16 |    29 |   113 |   254 |   204 |   220 |   293 |   287 ||  1427
         Kick              |       |       |    37 |    97 |       |       |       |       |       ||   134
         Morningstar       |       |       |    19 |    76 |   380 |       |       |       |       ||   475
         Demon whip        |       |       |       |   531 |   385 |       |       |       |       ||   916
         Eveningstar       |       |       |       |       |   322 |  1237 |  1284 |  1346 |  1563 ||  5752
  Throw: Dart              |       |     2 |     3 |    26 |    35 |    35 |    54 |    37 |    32 ||   224
         Boomerang         |       |       |     3 |     4 |       |       |       |       |       ||     7
         Javelin           |       |       |       |       |    13 |     8 |    16 |     4 |    26 ||    67
 Invoke: Heroism           |       |       |     1 |     3 |     4 |     3 |     6 |     6 |     5 ||    28
         Finesse           |       |       |       |       |       |     1 |     1 |     2 |     5 ||     9
         Duel              |       |       |       |       |       |       |     2 |     2 |     5 ||     9
Ability: Evoke Blink       |       |       |       |       |     1 |       |       |       |       ||     1
  Evoke: Wand              |       |       |     4 |       |     8 |       |     1 |     9 |     5 ||    27
         Lightning rod     |       |       |       |       |       |     3 |     1 |       |       ||     4
         Phial of floods   |       |       |       |       |       |       |     1 |       |       ||     1
         Condenser vane    |       |       |       |       |       |       |       |       |     2 ||     2
    Use: Potion            |       |     1 |     9 |     5 |     2 |     8 |    12 |    14 |    22 ||    73
         Scroll            |       |       |    11 |     9 |    10 |     9 |     5 |    26 |    16 ||    86
   Stab: Invisible         |       |       |       |       |     2 |       |    10 |       |       ||    12
         Distracted        |       |       |       |       |       |     2 |     1 |     1 |       ||     4
         Paralysed         |       |       |       |       |       |       |       |     1 |       ||     1
 Armour: Scale mail        |    67 |    94 |   115 |   209 |       |       |       |       |       ||   485
         Troll leather arm |       |       |       |   160 |   741 |  1204 |  1249 |   281 |       ||  3635
         Gold dragon scale |       |       |       |       |       |       |       |  1059 |  1196 ||  2255
  Dodge: Dodged            |    31 |    42 |    46 |   114 |   171 |   270 |   324 |   231 |   283 ||  1512
  Block: Buckler           |    45 |    73 |   117 |   261 |    63 |       |       |       |       ||   559
         Reflection        |     1 |     3 |     1 |    14 |    17 |    81 |    63 |    26 |    51 ||   257
         Kite shield       |       |       |       |       |   909 |  1577 |  1333 |  1635 |  1825 ||  7279

Table legend: (Time is in decaauts)
 A = Elapsed time spent in this place.
 B = Non-inter-level travel time spent in this place.
 C = Inter-level travel time spent in this place.
 D = Time resting spent in this place.
 E = Time spent auto-exploring this place.
 F = Levels seen in this place.
 G = Mean time per level.
                   A        B        C        D        E       F      G
               +--------+--------+--------+--------+--------+-----+--------+
         Total |  60275 |  56207 |   4068 |   4613 |  36128 |  77 |  782.8 |
       Dungeon |  15084 |  13278 |   1806 |    712 |   9624 |  15 | 1005.6 |
        Temple |     12 |     12 |      0 |      0 |      0 |   1 |   12.0 |
          Lair |   5293 |   4629 |    664 |      0 |   3468 |   5 | 1058.6 |
         Swamp |   2887 |   2686 |    201 |     65 |   1908 |   4 |  721.8 |
     Snake Pit |   3661 |   3500 |    161 |    127 |   2407 |   4 |  915.2 |
    Slime Pits |   1079 |   1002 |     77 |    288 |    217 |   5 |  215.8 |
  Orcish Mines |   1016 |    915 |    101 |      0 |    718 |   2 |  508.0 |
   Elven Halls |   3540 |   3420 |    120 |    207 |   2096 |   3 | 1180.0 |
        Vaults |   7636 |   7244 |    392 |    831 |   4605 |   5 | 1527.2 |
        Depths |   5744 |   5204 |    540 |    575 |   3366 |   4 | 1436.0 |
          Hell |    776 |    775 |      1 |      0 |    585 |   1 |  776.0 |
         Abyss |    814 |    814 |      0 |     79 |    328 |   3 |  271.3 |
   Pandemonium |   9834 |   9834 |      0 |   1450 |   5305 |   9 | 1092.7 |
         Trove |     50 |     50 |      0 |      0 |     17 |   1 |   50.0 |
       Ossuary |    292 |    292 |      0 |      0 |    194 |   1 |  292.0 |
        Bailey |    569 |    569 |      0 |      0 |    408 |   1 |  569.0 |
      Ice Cave |    170 |    170 |      0 |      0 |    113 |   1 |  170.0 |
       Volcano |    188 |    188 |      0 |      0 |     74 |   1 |  188.0 |
    Desolation |    857 |    857 |      0 |     60 |    385 |   1 |  857.0 |
      Gauntlet |    597 |    597 |      0 |    160 |    301 |   1 |  597.0 |
         Arena |    166 |    166 |      0 |     56 |      0 |   9 |   18.4 |
               +--------+--------+--------+--------+--------+-----+--------+

Top non-repeatable levels by time:
Vaults:4: 2580 daAuts
Depths:1: 2122 daAuts
Vaults:5: 1553 daAuts
Depths:3: 1527 daAuts
   Elf:3: 1525 daAuts
     D:9: 1497 daAuts
     D:8: 1412 daAuts
    D:15: 1330 daAuts
 Snake:4: 1328 daAuts
    D:13: 1322 daAuts
     D:6: 1310 daAuts
   Elf:2: 1302 daAuts
 Swamp:4: 1301 daAuts
  Lair:5: 1297 daAuts
  Lair:3: 1287 daAuts
